 Dungeon Crawl Stone Soup version 0.29.0-4-gdea44cf6ec (webtiles) character file.

Game seed: 15363407143515412358

62 qw the Chopper (level 4, 0/26 HPs)
             Began as a Tengu Warper on Aug 28, 2022.
             Slain by an endoplasm (3 damage)
             ... on level 3 of the Dungeon.
             The game lasted 00:00:12 (2213 turns).

qw the Chopper (Tengu Warper)                       Turns: 2213, Time: 00:00:12

Health: 0/26       AC:  6    Str: 14    XL:     4   Next: 8%
Magic:  8/8        EV: 11    Int: 13    God:
Gold:   144        SH:  0    Dex: 19    Spells: 7/7 levels left

rFire   . . .      SeeInvis .   Y - +0 war axe
rCold   . . .      Faith    .   (no shield)
rNeg    . . .      Spirit   .   l - +0 ring mail
rPois   .          Reflect  .   (helmet restricted)
rElec   .          Harm     .   (no cloak)
rCorr   .          Rampage  .   j - +0 pair of gloves
Will    .....                   (boots unavailable)
Stlth   +.........              (no amulet)
HPRegen 0.08/turn               k - +6 ring of dexterity
MPRegen 0.11/turn               (no ring)

@: no status effects
A: beak, talons 3
a: no special abilities


You were on level 3 of the Dungeon.
You visited 1 branch of the dungeon, and saw 3 of its levels.

You collected 144 gold pieces.


Innate Abilities, Weirdness & Mutations

You have a beak for a mouth.
You have claws for feet.


   Skills:
 - Level 2.0 Fighting
 + Level 4.7 Axes
 - Level 1.0 Throwing
 - Level 1.1 Armour
 - Level 2.1 Dodging
 - Level 2.0 Spellcasting
 - Level 2.4 Translocations


You had 7 spell levels left.
You didn't know any spells.
Your spell library contained the following spells:

 Spells                   Type           Power      Damage    Failure   Level
 Blink                    Tloc           14%        N/A       30%         2
 Gell's Gravitas          Tloc           7%         N/A       52%         3
 Lesser Beckoning         Tloc           7%         N/A       52%         3
 Teleport Other           Tloc           7%         N/A       52%         3
 Manifold Assault         Tloc           7%         N/A       99%         5

Inventory:

Hand Weapons
 b - the +10 flail of Insomnia {vorpal, rF+ Str-4 Int+3 Dex+2}
   (You found it on level 3 of the Dungeon)

   It inflicts extra damage upon your enemies.
   Str:       It affects your strength (-4).
   Int:       It affects your intelligence (+3).
   Dex:       It affects your dexterity (+2).
   rF:        It protects you from fire.
 Y - a +0 war axe (weapon)
Missiles
 h - 4 silver boomerangs (quivered)
Armour
 j - a +0 pair of gloves (worn)
 l - a +0 ring mail (worn)
Jewellery
 a - a ring of see invisible
 k - a +6 ring of dexterity (left hand)
Scrolls
 d - 2 scrolls of identify
 e - a scroll of enchant weapon {unknown}
Potions
 c - a potion of mutation {unknown}
 f - a potion of lignification {unknown}
 i - a potion of haste
 n - a potion of magic {unknown}

Dungeon Overview and Level Annotations

Branches:
Dungeon (3/15)

Altars:


Message History

An endoplasm comes into view.
The endoplasm quivers.
You hit the adder.
The adder is almost dead.
You closely miss the jackal.
You feel sick. The jackal bites you. The adder closely misses you.
The jackal closely misses you. The adder bites you but does no damage.
You hit the adder.
You kill the adder!
You barely miss the jackal.
You feel sick. The jackal bites you. x2
The jackal bites you but does no damage.
You have reached level 4!
You feel stronger.
You hit the jackal but do no damage. Your kick misses the jackal.
You barely miss the jackal.
You feel sick.
The jackal bites you but does no damage.
The jackal closely misses you.
The jackal bites you but does no damage. x2
You hit the jackal. Your kick misses the jackal.
The jackal is severely wounded.
You slash the jackal!
You kill the jackal!
You feel sick. The jackal barely misses you.
The jackal bites you but does no damage.
You slash the jackal!
You kill the jackal!
You feel sick.
You are no longer poisoned.
The jackal bites you.
You hit the jackal. Your kick misses the jackal.
The jackal is severely wounded.
The jackal closely misses you. x2
You barely miss the jackal.
The jackal is severely wounded.
The jackal barely misses you. x2
You hit the jackal.
You kill the jackal!
The endoplasm hits you.
You die...

#. #. #. ##########
#. #........######.
######.######........
#.....%.# ########.
#..#(...# #. # #@#..#
#. #J#..# .. #.#h.#
.. #.#.^# ... .....#
... ....## .... ....#
.#.#.


You could see an endoplasm.

Vanquished Creatures
  An adder (D:3)
  A worm (D:2)
  A dart slug (D:2)
  4 bats
  6 endoplasms
  2 giant cockroaches (D:1)
  3 goblins (D:2)
  5 hobgoblins
  4 jackals (D:3)
  5 kobolds
  A quokka (D:2)
  4 ball pythons (D:2)
  2 frilled lizards (D:1)
  5 rats
44 creatures vanquished.

Notes
Turn   | Place    | Note
-------+----------+-------------------------------------------
     0 | D:1      | qw the Tengu Warper began the quest for the Orb.
     0 | D:1      | Reached XP level 1. HP: 12/12 MP: 4/4
     0 | D:1      | 0 ||| qw: Version: 0.1-a-89-g26bdef1
     0 | D:1      | 0 ||| qw: Game counter: 3083
     0 | D:1      | 0 ||| qw: Always use a shield: true
     0 | D:1      | 0 ||| qw: God list: Okawaru
     0 | D:1      | 0 ||| qw: Allow faded altars: false
     0 | D:1      | 0 ||| qw: Do Orc after D:15 true
     0 | D:1      | 0 ||| qw: Do second Lair branch before Depths: true
     0 | D:1      | 0 ||| qw: Lair rune preference: random
     0 | D:1      | 0 ||| qw: Plans: Normal
     0 | D:1      | 0 ||| PLANNING D:1-11
    66 | D:1      | 66 ||| SWAPPING to +0 war axe.
    75 | D:1      | Reached skill level 3 in Axes
    75 | D:1      | Reached XP level 2. HP: 12/17 MP: 6/6
   156 | D:1      | 156 ||| DROPPING +0 hand axe.
   924 | D:1      | Reached XP level 3. HP: 18/21 MP: 7/7
  1023 | D:1      | Found a faded altar of an unknown god.
  1026 | D:1      | 1026 ||| UPGRADING to +0 pair of gloves.
  1031 | D:1      | 1031 ||| UPGRADING to +0 ring mail.
  1041 | D:1      | 1041 ||| DROPPING +0 leather armour.
  1042 | D:1      | 1042 ||| UPGRADING to +6 ring of dexterity.
  1043 | D:1      | 1043 ||| READING 4 scrolls labelled LUPHEKL POKO.
  1044 | D:1      | 1044 ||| READING scroll labelled LIYMOE YZAONAOG.
  1045 | D:1      | 1045 ||| READING scroll labelled SEUNOO TEUTO.
  1046 | D:1      | 1046 ||| READING scroll labelled RYWEUZ WEIGEEH.
  1047 | D:1      | 1047 ||| DRINKING 2 bubbling puce potions.
  1048 | D:1      | 1048 ||| READING 3 scrolls of identify.
  1048 | D:1      | 1048 ||| IDENTIFYING metallic cyan potion
  1049 | D:1      | 1049 ||| READING 2 scrolls of identify.
  1049 | D:1      | 1049 ||| IDENTIFYING grey potion
  1050 | D:1      | 1050 ||| DROPPING scroll of blinking.
  1051 | D:1      | 1051 ||| DROPPING potion of flight.
  1052 | D:1      | 1052 ||| Stepping randomly (stuck).
  1053 | D:1      | 1053 ||| Stepping ~*~*~tactically~*~*~ (cloud).
  1054 | D:1      | 1054 ||| DRINKING potion of curing.
  1054 | D:1      | 1054 ||| (to cure poison)
  1253 | D:2      | 1253 ||| Stepping ~*~*~tactically~*~*~ (hiding).
  1355 | D:2      | 1355 ||| Stepping ~*~*~tactically~*~*~ (hiding).
  1364 | D:2      | Reached skill level 4 in Axes
  2026 | D:2      | 2026 ||| DROPPING scarf of harm.
  2027 | D:2      | 2027 ||| READING scroll labelled JIJAXY PAGIESUVO.
  2028 | D:2      | 2028 ||| READING scroll labelled LOLAEM HOAH.
  2033 | D:2      | 2033 ||| READING scroll labelled QYRI UDAUSIHU.
  2034 | D:2      | 2034 ||| READING scroll labelled VAUKHYU DYNG.
  2067 | D:3      | Identified the +10 flail of Insomnia {vorpal, rF+ Str-4
                  | Int+3 Dex+2}
  2069 | D:3      | 2069 ||| DROPPING +0 whip.
  2197 | D:3      | 2197 ||| Stepping ~*~*~tactically~*~*~ (stealth).
  2198 | D:3      | 2198 ||| Stepping ~*~*~tactically~*~*~ (stealth).
  2208 | D:3      | Reached XP level 4. HP: 7/26 MP: 8/8
  2208 | D:3      | HP: 5/26 [poisoned by an adder]
  2210 | D:3      | HP: 2/26 [jackal (1)]
  2213 | D:3      | Slain by an endoplasm

Levels and vault maps discovered:
D:1:      moated_graveyard_arrival, layout_basic,
          shapermc_ecumenical_altar_mp_vishouse, minmay_misc_feat_room
D:2:      layout_basic
D:3:      layout_loops_cross, lightli_temple_of_fire, columned_hall_lemuel,
          uniq_crazy_yiuf_cottage

Skill      XL: |  1  2  3 |
---------------+----------+-----
Axes           | 3 4 |  4.7
Fighting       | |  2.0
Throwing       | |  1.0
Armour         | |  1.1
Dodging        | |  2.1
Spellcasting   | |  2.0
Translocations | |  2.4

Action                   |  1- 3 |  4- 6 || total
-------------------------+-------+-------++-------
Melee: Hand axe          |     6 |       ||     6
       War axe           |    64 |     6 ||    70
       Kick              |    13 |       ||    13
       Peck              |     4 |       ||     4
Throw: Boomerang         |    18 |       ||    18
  Use: Scroll            |    10 |       ||    10
       Potion            |     2 |       ||     2
 Stab: Sleeping          |     1 |       ||     1
Armor: Leather armour    |    11 |       ||    11
       Ring mail         |    20 |     4 ||    24
Dodge: Dodged            |    37 |     6 ||    43

Table legend:
 A = Non-vault XP
 B = Vault XP
 C = Vault XP percentage of total XP
 D = Non-vault monster count
 E = Vault monster count
 F = Vault count percentage of total count
                 A         B        C        D         E       F
            +---------+---------+-------+---------+---------+-------
      Total |      91 |       0 |   0.0 |      44 |       0 |   0.0
            +---------+---------+-------+---------+---------+-------
        D:1 |      35 |       0 |   0.0 |      21 |       0 |   0.0
        D:2 |      31 |       0 |   0.0 |      15 |       0 |   0.0
        D:3 |      25 |       0 |   0.0 |       8 |       0 |   0.0
            +---------+---------+-------+---------+---------+-------
